 Dungeon Crawl Stone Soup version 0.28-a0-895-g6e5f11bd55 (webtiles) character file.

Game seed: 2647183574262663169

599 frimble the Grasshopper (level 7, -5/61 (70) HPs)
             Began as a Troll Warper on Nov 23, 2021.
             Slain by a wight (11 damage)
             ... on level 5 of the Dungeon.
             The game lasted 00:04:38 (3812 turns).

frimble the Grasshopper (Troll Warper)              Turns: 3812, Time: 00:04:39

HP:   -5/61 (70)    AC:  5    Str: 20    XL:     7   Next: 17%
MP:   16/16         EV:  9    Int: 11    God:
Gold: 150           SH:  0    Dex:  9    Spells: 6/8 levels left

rFire   . . .      SeeInvis .   n - +1 rapier (vamp)
rCold   . . .      Faith    .   (no shield)
rNeg    . . .      Spirit   .   b - +1 robe
rPois   +          Reflect  .   (helmet restricted)
rElec   .          Harm     .   (no cloak)
rCorr   .          Rampage  .   (gloves unavailable)
Will    .....                   (boots unavailable)
Stlth   +.........              k - amulet of the acrobat
HPRegen 1.20/turn               i - ring of poison resistance
MPRegen 0.15/turn               l - ring of magical power

@: heavily drained
A: large, unfitting armour, claws 3, regeneration 1, shaggy fur 1, tough skin 1
a: no special abilities


You were on level 5 of the Dungeon.
You visited 1 branch of the dungeon, and saw 5 of its levels.

You collected 213 gold pieces.
You spent 63 gold pieces at shops.

Inventory:

Hand Weapons
 n - a +1 vampiric rapier (weapon)
Missiles
 a - 4 silver javelins
 d - 5 boomerangs of dispersal (quivered)
Armour
 b - a +1 robe (worn)
Jewellery
 i - a ring of poison resistance (left claw)
 k - an amulet of the acrobat (around neck)
 l - a ring of magical power (right claw)
 s - a ring of willpower
Wands
 e - a wand of digging (2)
 t - a wand of acid (8)
Scrolls
 c - 2 scrolls of blinking
 q - a scroll of immolation
Potions
 f - a potion of haste
 g - 2 potions of invisibility {unknown}
 h - 8 potions of curing {unknown}
 j - 4 potions of flight {unknown}
 m - 4 potions of heal wounds {unknown}
 o - a potion of might {unknown}
 p - a potion of resistance {unknown}


   Skills:
 + Level 4.0 Fighting
 + Level 3.9 Short Blades
 - Level 0.8 Throwing
 - Level 1.9 Dodging
 - Level 1.2 Spellcasting
 + Level 4.0 Translocations


You had 6 spell levels left.
You knew the following spells:

 Your Spells              Type           Power      Damage    Failure   Level
a - Blink                 Tloc           18%        N/A       9%          2

Your spell library contained the following spells:

 Spells                   Type           Power      Damage    Failure   Level
 Gell's Gravitas          Tloc           9%         N/A       19%         3
 Lesser Beckoning         Tloc           9%         N/A       19%         3
 Teleport Other           Tloc           9%         N/A       19%         3
 Corpse Rot               Necr/Air       0%         N/A       43%         2
 Manifold Assault         Tloc           9%         N/A       86%         5
 Dispel Undead            Necr           0%         3d6       97%         4
 Death Channel            Necr           0%         N/A       100%        6


Dungeon Overview and Level Annotations

Branches:
Dungeon (5/15)
 Temple: D:4-7

Altars:
Elyvilon
Hepliaklqana
Ru

Shops:
D:3 *


Innate Abilities, Weirdness & Mutations

You are too large for most types of armour.
You have claws for hands.
Your natural rate of healing is unusually fast.
You are covered in fur. (AC +1)
You have tough skin. (AC +1)


Message History

You climb upwards.
There is a stone staircase leading down here.
You hit the scorpion.
The scorpion is lightly wounded.
The scorpion completely misses you.
You barely miss the scorpion.
The scorpion is lightly wounded.
The scorpion stings you!
You puncture the scorpion!
The scorpion is heavily wounded.
The scorpion stings you.
You puncture the scorpion!
You kill the scorpion!
Your Fighting skill increases to level 4!
Your Translocations skill increases to level 4!
You see here a scorpion corpse.
HP restored.
Done exploring.
Done exploring.
Done exploring.
You see here a scorpion corpse.
There is a stone staircase leading down, spattered with blood here.
You climb downwards.
The centaur shoots an arrow.
The arrow hits you.
The wight hits you with a +3 hand axe of freezing.
The wight freezes you.
The wight hits you with a +0 morningstar of flaming.
You feel drained. The wight burns you. The ice beast hits you.
The ice beast freezes you.
The centaur shoots an arrow.
The arrow hits you.
The wight hits you with a +3 hand axe of freezing.
The wight freezes you.
The wight hits you with a +0 morningstar of flaming!
* * * LOW HITPOINT WARNING * * *
The wight burns you.
* * * LOW HITPOINT WARNING * * *
There is a stone staircase leading up, spattered with blood here.
The centaur shoots an arrow.
The arrow hits you!
* * * LOW HITPOINT WARNING * * *
The ice beast hits you but does no damage.
The wight hits you with a +0 morningstar of flaming!
You die...

#..# ##...#
...#...###
..........
#.##....###
##.........####
..........c.zY##
♣..$.........@.##
.[.P.......##z..##
.♣P.P.#...####...#
≈≈...P.....# ##..#
≈≈♣≈...##.....####
♣≈≈≈P() #Y###..
≈≈≈♣♣P. #.# .# ≈≈
... #.# . . ≈..#
?#


You could see an ice beast, a centaur and 2 wights.

Vanquished Creatures
  An ogre (D:3)
  A bullfrog (D:4)
  A scorpion (D:4)
  2 wights (D:4)
  Jessica (D:2)
  An iguana (D:3)
  A howler monkey skeleton (D:4)
  17 adders
  3 worms
  2 dart slugs (D:1)
  3 orcs
  7 endoplasms
  5 giant cockroaches
  7 goblins
  4 hobgoblins
  7 jackals
  8 kobolds
  2 quokkas
  10 ball pythons
  3 bats
  3 frilled lizards
  4 rats
93 creatures vanquished.

Notes
Turn   | Place    | Note
-------+----------+-------------------------------------------
     0 | D:1      | frimble the Troll Warper began the quest for the Orb.
     0 | D:1      | Reached XP level 1. HP: 19/19 MP: 1/1
    70 | D:1      | Found a faded altar of an unknown god.
   181 | D:1      | Reached XP level 2. HP: 28/28 MP: 2/2
   522 | D:1      | Reached XP level 3. HP: 35/35 MP: 3/3
  1005 | D:2      | Found a sacrificial altar of Ru.
  1085 | D:2      | Noticed Jessica
  1109 | D:2      | Killed Jessica
  1116 | D:2      | Reached XP level 4. HP: 38/44 MP: 4/4
  1694 | D:3      | Found Qoeg's Assorted Antiques.
  1702 | D:3      | Bought a scroll labelled GUFFYSM YMIPP for 22 gold pieces
  1702 | D:3      | Bought a scroll labelled KOCRIU KOCOI for 22 gold pieces
  1702 | D:3      | Bought a fuming clear potion for 19 gold pieces
  1913 | D:3      | Found a hazy altar of Hepliaklqana.
  2085 | D:3      | Reached XP level 5. HP: 52/52 MP: 5/5
  2704 | D:4      | Noticed an ogre
  2779 | D:3      | Killed an ogre
  2780 | D:3      | Reached XP level 6. HP: 43/61 MP: 6/6
  3218 | D:4      | Found a white marble altar of Elyvilon.
  3658 | D:5      | Entered Level 5 of the Dungeon
  3669 | D:5      | Learned a level 2 spell: Blink
  3738 | D:4      | Reached XP level 7. HP: 33/59 MP: 7/7
  3812 | D:5      | Slain by a wight

Illustrated notes

Levels and vault maps discovered:
D:1:      dpeg_chamrin_arrival_tetris, layout_loops_corners,
          basic_ecumenical_altar, minmay_tromino_i2
D:2:      layout_loops_ring, basic_altar, nrook_loot_triangle,
          minmay_misc_feat_enclosed, uniq_jessica
D:3:      layout_loops_ring, amcnicky_altar_gilded, serial_shops, shop,
          minmay_snake_closets
D:4:      layout_cave_pods, mainiacjoe_overflow_24_doors,
          guppyfry_early_lair_pool
D:5:      layout_rooms, serial_bayou, serial_bayou_pond_e, serial_bayou_pond_b,
          serial_bayou_pond_e, serial_bayou_pond_a, chequers_garden,
          minmay_misc_feat_hallway, hangedman_minor_gate_pass, uniq_pikel,
          uniq_crazy_yiuf_cottage

Skill      XL: |  1  2  3  4  5  6  7 |
---------------+----------------------+-----
Fighting       | 2 3 4 |  4.0
Short Blades   | 2 3 |  3.9
Translocations | 3 4 |  4.0
Throwing       | |  0.8
Dodging        | |  1.9
Spellcasting   | |  1.2

Action                   |  1- 3 |  4- 6 |  7- 9 || total
-------------------------+-------+-------+-------++-------
Melee: Short sword       |   133 |    57 |       ||   190
       Rapier            |       |   196 |     5 ||   201
  Use: Scroll            |     2 |     5 |       ||     7
 Stab: Sleeping          |       |     1 |       ||     1
Armor: Robe              |    44 |    81 |     1 ||   126
Dodge: Dodged            |    53 |   131 |     8 ||   192

Table legend: (Time is in decaauts)
 A = Elapsed time spent in this place.
 B = Non-inter-level travel time spent in this place.
 C = Inter-level travel time spent in this place.
 D = Time resting spent in this place.
 E = Time spent auto-exploring this place.
 F = Levels seen in this place.
 G = Mean time per level.
                   A        B        C        D        E       F      G
               +--------+--------+--------+--------+--------+-----+--------+
         Total |   3823 |   3621 |    202 |     17 |   2726 |   5 |  764.6 |
       Dungeon |   3823 |   3621 |    202 |     17 |   2726 |   5 |  764.6 |
               +--------+--------+--------+--------+--------+-----+--------+

Top non-repeatable levels by time:
     D:3: 1157 daAuts
     D:4: 996 daAuts
     D:1: 937 daAuts
     D:2: 676 daAuts
     D:5: 55 daAuts
